 Dungeon Crawl Stone Soup version 0.27-a0-1177-g245c70e1c0 (webtiles) character file.

Game seed: 2028243803912744796

27 roflturtle the Magician (level 3, -1/28 HPs)
             Began as a Djinni Warper on May 17, 2021.
             Slain by a centaur (2 damage)
             ... on level 3 of the Dungeon.
             The game lasted 00:08:05 (1771 turns).

roflturtle the Magician (Djinni Warper)             Turns: 1771, Time: 00:08:06

Health: -1/28      AC:  3    Str: 10    XL:     3   Next: 25%
Gold:   66         EV: 11    Int: 14    God:
                   SH:  0    Dex: 13

rFire    + + .     SeeInvis .   a - +0 falchion
rCold    x . .     Faith    .   (no shield)
rNeg     . . .     Spirit   .   b - +0 leather armour
rPois    ∞         Reflect  .   (no helmet)
rElec    .         Harm     .   (no cloak)
rCorr    .         Rampage  .   (no gloves)
Will     .....                  (boots unavailable)
Stlth    +.........             (no amulet)
HPRegen  0.09/turn              (no ring)
MPRegen  0.00/turn              (no ring)

@: mighty, flying
A: sickness immunity, fire resistance 2, cold vulnerability 1, float, innate
caster, hp casting, extra vitality 1
a: no special abilities


You were on level 3 of the Dungeon.
You visited 1 branch of the dungeon, and saw 3 of its levels.

You collected 66 gold pieces.

Inventory:

Hand Weapons
 a - a +0 falchion (weapon)
Missiles
 c - 7 curare-tipped darts
 e - 5 boomerangs of dispersal
 h - 28 stones (quivered)
Armour
 b - a +0 leather armour (worn)
Jewellery
 j - a ring of see invisible
Scrolls
 d - 3 scrolls of blinking
 l - a scroll of identify {unknown}
Potions
 f - a potion of might
 g - a potion of attraction {unknown}
 i - a potion of mutation {unknown}
 k - 3 potions of haste {unknown}


   Skills:
 + Level 2.1 Fighting
 - Level 2.1 Long Blades
 - Level 1.0 Throwing
 - Level 1.0 Armour
 - Level 2.1 Dodging
 - Level 3.0 Spellcasting


You couldn't memorise any spells.
You knew the following spells:

 Your Spells              Type           Power      Damage    Failure   Level
a - Blink                 Tloc           N/A        N/A       13%         2
b - Lesser Beckoning      Tloc           5%         N/A       26%         3
c - Gell's Gravitas       Tloc           5%         N/A       26%         3
d - Teleport Other        Tloc           10%        N/A       26%         3
e - Manifold Assault      Tloc           10%        N/A       93%         5
f - Pain                  Necr           40%        1d6       9%          1
Your spell library was empty.

Dungeon Overview and Level Annotations

Branches:
Dungeon (3/15)

Altars:


Innate Abilities, Weirdness & Mutations

You are immune to sickness and miasma.
You are immune to poison.
Your flesh is very heat resistant. (rF++)
You are vulnerable to cold. (rC-)
You float through the air rather than walking.
You learn spells naturally, not from books.
Your magical power is your life essence.
You have superior vitality. (+4 HP)


Message History

Found a scroll labelled ORIHONAXTE.
l - a scroll labelled ORIHONAXTE A centaur comes into view.
The centaur shouts!
The centaur wields a +0 shortbow.
The centaur shoots an arrow.
The arrow hits you!
The centaur shoots an arrow.
The arrow hits you!
The centaur shoots an arrow.
The arrow closely misses you.
A quokka comes into view.
The centaur unwields a +0 shortbow.
The centaur barely misses you. The centaur closely misses you.
You hit the centaur but do no damage.
The centaur hits you but does no damage.
The centaur kicks you but does no damage.
The centaur closely misses you. The centaur kicks you.
* * * LOW HITPOINT WARNING * * *
You hit the centaur.
The centaur is lightly wounded.
The centaur hits you.
* * * LOW HITPOINT WARNING * * *
The centaur closely misses you. The centaur misses you.
The centaur kicks you but does no damage.
You completely miss the centaur.
The centaur is lightly wounded.
The centaur completely misses you.
You riposte.
You hit the centaur but do no damage.
The centaur is lightly wounded.
The centaur barely misses you. The quokka barely misses you.
It was a potion of might.
You feel very mighty all of a sudden. The centaur hits you.
* * * LOW HITPOINT WARNING * * *
The centaur misses you. The quokka barely misses you.
You riposte.
You hit the quokka.
The quokka is almost dead.
The centaur closely misses you. x2
You slash the centaur!
The centaur is heavily wounded.
The centaur hits you.
You die...

#....####.#
#.#.......#####
#.............#
##.##########.#
####)# #.# .....#
#.# ###### #.# #
#######.##.#
#.......@c.#
...#####..r......
##########


You could see a centaur and a quokka.

Vanquished Creatures
  3 endoplasms (D:1)
  4 giant cockroaches
  A goblin (D:1)
  2 hobgoblins
  A jackal (D:2)
  4 kobolds
  A quokka (D:2)
  3 ball pythons
  A frilled lizard (D:1)
  5 rats
25 creatures vanquished.

Notes
Turn   | Place    | Note
-------+----------+-------------------------------------------
     0 | D:1      | roflturtle the Djinni Warper began the quest for the Orb.
     0 | D:1      | Reached XP level 1. HP: 18/18 MP: 0/0
    56 | D:1      | Reached skill level 1 in Throwing
   135 | D:1      | Reached XP level 2. HP: 18/23 MP: 0/0
   219 | D:1      | Found a faded altar of an unknown god.
   860 | D:2      | Noticed a wight
  1104 | D:2      | Reached XP level 3. HP: 9/28 MP: 0/0
  1104 | D:2      | Learned a level 1 spell: Pain
  1353 | D:2      | Reached skill level 3 in Spellcasting
  1371 | D:2      | Noticed a scorpion
  1699 | D:2      | Noticed a wight
  1699 | D:2      | Noticed a wight
  1761 | D:3      | Noticed a centaur
  1770 | D:3      | HP: 1/28 [centaur (6)]
  1771 | D:3      | Slain by a centaur

Illustrated notes

Levels and vault maps discovered:
D:1:      scummos_arrival_forest, layout_rooms, ebering_ecumenical_altar_mist,
          chequers_serial_rivers_micro_a, kennysheep_boxes
D:2:      layout_rooms, serial_curves, eino_curves_04, eino_curves_02,
          eino_curves_04, minmay_pentomino_pile
D:3:      layout_loops_ring, uniq_crazy_yiuf_cottage

Skill      XL: |  1  2  3 |
---------------+----------+-----
Long Blades    | 2 |  2.1
Throwing       | 1 |  1.0
Spellcasting   | 3 |  3.0
Fighting       | |  2.1
Armour         | |  1.0
Dodging        | |  2.1

Action                   || total
-------------------------++-------
Melee: Falchion          ||    87
Throw: Stone             ||     2
 Cast: Pain              ||     6
       Blink             ||     2
  Use: Potion            ||     1
Armor: Leather armour    ||    21
Dodge: Dodged            ||    73
       Rpst.: Falchion   ||    19

Table legend: (Time is in decaauts)
 A = Elapsed time spent in this place.
 B = Non-inter-level travel time spent in this place.
 C = Inter-level travel time spent in this place.
 D = Time resting spent in this place.
 E = Time spent auto-exploring this place.
 F = Levels seen in this place.
 G = Mean time per level.
                   A        B        C        D        E       F      G
               +--------+--------+--------+--------+--------+-----+--------+
         Total |   1789 |   1776 |     13 |    527 |    719 |   3 |  596.3 |
       Dungeon |   1789 |   1776 |     13 |    527 |    719 |   3 |  596.3 |
               +--------+--------+--------+--------+--------+-----+--------+

Top non-repeatable levels by time:
     D:1: 983 daAuts
     D:2: 744 daAuts
     D:3: 61 daAuts
